 Dungeon Crawl Stone Soup version 0.20.1-1-g8b1a95d (webtiles) character file.

14599 vineage the Basher (level 11, -3/121 HPs)
             Began as a Demonspawn Gladiator on Aug 20, 2017.
             Was a High Priest of Okawaru.
             Slain by a manticore (10 damage)
             ... on level 12 of the Dungeon.
             The game lasted 00:45:58 (12107 turns).

vineage the Basher (Demonspawn Gladiator)          Turns: 12107, Time: 00:45:58

Health: -3/121     AC: 15    Str: 22    XL:     11   Next: 90%
Magic:  0/20       EV:  8    Int: 10    God:    Okawaru [*****.]
Gold:   686        SH: 17    Dex: 18    Spells: 10/10 levels left

rFire    + + +     SeeInvis .   G - +1 scimitar (flame)
rCold    . . .     Gourm    .   s - +0 large shield
rNeg     . . .     Faith    .   i - +0 chain mail {rF+}
rPois    .         Spirit   +   c - +0 helmet
rElec    .         Reflect  .   (no cloak)
rCorr    .         Harm     .   t - +0 pair of gloves {Dex+3}
MR       .....                  (no boots)
Stlth    ..........             g - amulet of guardian spirit
Regen    0.3/turn               Q - ring of magical power
MPRegen  0.2/turn               K - ring of protection from fire

@: berserking, barbed spikes, very quick
A: claws 2, iridescent scales 1, fire resistance 1, powered by pain 2, flame
cloud immunity
a: Heroism, Finesse, Renounce Religion


You were on level 12 of the Dungeon.
You worshipped Okawaru.
Okawaru was extremely pleased with you.
You were not hungry.

You visited 2 branches of the dungeon, and saw 13 of its levels.

You collected 686 gold pieces.

Inventory:

Hand Weapons
 m - a +3 mace of protection
 G - a +1 scimitar of flaming (weapon)
Missiles
 d - 7 throwing nets
 p - 2 javelins of penetration (quivered)
Armour
 c - a +0 helmet (worn)
 i - a +0 chain mail of fire resistance (worn)
 s - a +0 large shield (worn)
 t - a +0 pair of gloves of dexterity (worn)
Jewellery
 g - an amulet of guardian spirit (around neck)
 j - an uncursed amulet of faith
 o - an uncursed amulet of magic regeneration
 E - an uncursed ring of resist corrosion
 K - a ring of protection from fire (right hand)
 Q - a ring of magical power (left hand)
Wands
 a - a wand of digging (10/24)
 q - a wand of confusion (18/48)
 B - a wand of paralysis (14/24)
 I - a wand of iceblast (7/15)
 R - a wand of lightning (8/15)
 T - a wand of confusion (28/48)
 W - a wand of polymorph (9/24)
 X - a wand of disintegration (14/24)
Scrolls
 b - a scroll of silence {unknown}
 h - 6 scrolls of recharging
 k - 2 scrolls of amnesia
 v - 3 scrolls of noise {unknown}
 w - a scroll of enchant weapon
 x - 2 scrolls of random uselessness {unknown}
 y - 4 scrolls of remove curse
 z - a scroll of teleportation
 A - 3 scrolls of fog {unknown}
 C - 4 scrolls of immolation {unknown}
 L - a scroll of fear {unknown}
 O - 3 scrolls of enchant armour {unknown}
 U - a scroll of blinking {unknown}
 V - a scroll of magic mapping {unknown}
Potions
 e - 3 potions of ambrosia
 r - 2 potions of haste
 D - 2 potions of brilliance
 J - 4 potions of lignification
 M - a potion of mutation {unknown}
Comestibles
 f - 12 bread rations
 u - 5 meat rations


   Skills:
 + Level 6.0 Fighting
 * Level 7.1 Long Blades
 - Level 8.9(9.2) Maces & Flails
   Level 3.1(6.4) Staves
 - Level 2.0 Throwing
 + Level 7.7 Armour
 + Level 5.1 Dodging
 + Level 8.8 Shields


You had 10 spell levels left.
You didn't know any spells.

Dungeon Overview and Level Annotations

Branches:
Dungeon (12/15)            Temple (1/1) D:7            Lair (0/6) D:11
    Orc (0/2) D:9

Altars:
Ashenzari
Cheibriados
Dithmenos
Elyvilon
Fedhas
Gozag
Hepliaklqana
Kikubaaqudgha
Makhleb
Nemelex Xobeh
Okawaru
Qazlal
Ru
Sif Muna
Trog
Uskayaw
Xom
Yredelemnul
Zin
The Shining One

Shops:
D:7 :


Innate Abilities, Weirdness & Mutations

You have very sharp fingernails.
You are partially covered in iridescent scales. (AC +2)
Your flesh is heat resistant. (rF+)
You sometimes gain power by taking damage.
You are immune to clouds of flame.


Message History

The manticore claws you.
* * * LOW HITPOINT WARNING * * *
You block the manticore's attack.
Your shield and chain mail prevent you from hitting the two-headed ogre.
The two-headed ogre is severely wounded.
You block the two-headed ogre's attack.
The two-headed ogre hits you with a giant spiked club!
* * * LOW HITPOINT WARNING * * *
You block the adder's attack.
You hit the two-headed ogre. You burn the two-headed ogre.
The two-headed ogre is almost dead.
You feel like a meek peon again. You block the manticore's attack.
The manticore claws you but does no damage.
You block the manticore's attack.
You slash the two-headed ogre! You burn the two-headed ogre.
You kill the two-headed ogre!
Okawaru is honoured by your kill. You block the adder's attack.
The manticore bites you!!
You die...

.................................
.................................
...........................(.....
.................................
>................................
.....................[...........
##..############..((((ccc(.(((...
#..# #.H(##########....
##..############@).####### #..c.
..........(..(())S........ .c...
.........############..... .....
.........# .... c....# .........#
... c....# .........########
........# ................. .
.....)........... ..........####


You could see a manticore and an adder.

Vanquished Creatures
  Erolcha (D:9)
  2 hydras
  Erica (D:9)
  2 two-headed ogres
  A death yak (D:11)
  Pikel (D:9)
  The ghost of tidbits the Insei, a novice DgTm (D:7)
  An ugly thing (D:11)
  A cyclops (D:9)
  Joseph (D:7)
  A merfolk (D:11)
  2 trolls
  2 hippogriffs
  Sigmund (D:3)
  2 wyverns
  9 yaks (D:11)
  2 hungry ghosts (D:7)
  A black bear (D:10)
  An orc warrior (D:9)
  3 ice beasts
  3 sky beasts
  An eye of draining (D:11)
  6 centaurs
  2 phantoms
  7 ogres
  2 crocodiles (D:11)
  2 big kobolds
  7 bullfrogs
  4 scorpions
  9 wights
  3 jellies
  2 howler monkeys
  3 crimson imps
  A lava snake (D:11)
  4 bullfrog zombies
  4 quasits
  2 orc wizards
  9 hounds
  An orc priest (D:3)
  5 iguanas
  Natasha (thrice) (D:2)
  10 worker ants
  A hound zombie (D:7)
  3 worker ant zombies
  A howler monkey skeleton (D:4)
  10 adders
  A shadow imp (D:9)
  An ooze (D:7)
  2 adder skeletons
  3 worms
  2 dart slugs
  3 leopard geckos
  14 orcs
  2 giant cockroaches
  6 hobgoblins
  9 jackals
  26 kobolds
  4 quokkas
  A ball python (D:3)
  4 bats
  2 frilled lizards
  7 goblins
  A jackal zombie (D:5)
  A quokka zombie (D:5)
  6 rats
236 creatures vanquished.

Vanquished Creatures (others)
  2 slaves (D:9)
  A hound (D:9)
  An adder (D:9)
  2 leopard geckos (D:9)
6 creatures vanquished.

Grand Total: 242 creatures vanquished

Notes
Turn   | Place    | Note
-------+----------+-------------------------------------------
     0 | D:1      | vineage the Demonspawn Gladiator began the quest for the Orb.
     0 | D:1      | Reached XP level 1. HP: 16/16 MP: 1/1
   222 | D:1      | Gained mutation: You have sharp fingernails. [demonic ancestry]
   222 | D:1      | Reached XP level 2. HP: 22/22 MP: 2/2
   914 | D:2      | Reached XP level 3. HP: 20/27 MP: 3/3
  1027 | D:2      | Noticed Natasha
  1032 | D:2      | Killed Natasha
  1032 | D:2      | Reached skill level 1 in Maces & Flails
  1104 | D:2      | Noticed Natasha
  1110 | D:2      | Killed Natasha
  1110 | D:2      | Reached XP level 4. HP: 34/34 MP: 4/4
  1137 | D:2      | Found a bloodstained altar of Trog.
  1375 | D:2      | Noticed Natasha
  1382 | D:2      | Killed Natasha
  1382 | D:2      | Reached skill level 1 in Armour
  1704 | D:3      | Gained mutation: You sometimes gain a little power by taking damage. [demonic ancestry]
  1704 | D:3      | Reached XP level 5. HP: 34/39 MP: 5/5
  1731 | D:3      | Reached skill level 1 in Shields
  1835 | D:3      | Found a hazy altar of Hepliaklqana.
  1919 | D:3      | Noticed Sigmund
  1936 | D:3      | Killed Sigmund
  1936 | D:3      | Gained mutation: Your flesh is heat resistant. (rF+) [demonic ancestry]
  1936 | D:3      | Reached XP level 6. HP: 28/46 MP: 6/6
  3112 | D:4      | Found a hide-covered altar of Uskayaw.
  3478 | D:5      | Entered Level 5 of the Dungeon
  3566 | D:5      | Found a glowing golden altar of the Shining One.
  3566 | D:5      | Found an opulent altar of Gozag.
  3573 | D:5      | Found a sacrificial altar of Ru.
  3573 | D:5      | Found a shadowy altar of Dithmenos.
  3576 | D:5      | Found a basalt altar of Yredelemnul.
  3579 | D:5      | Found a shimmering altar of Xom.
  3628 | D:5      | Reached XP level 7. HP: 52/52 MP: 7/7
  3738 | D:5      | Got a faintly glowing whip
  3739 | D:5      | Identified the cursed +1 whip of Bodim {drain, Fragile Dex+4} (You found it on level 5 of the Dungeon)
  3965 | D:5      | Found a sparkling altar of Nemelex Xobeh.
  4085 | D:6      | You fall through a shaft!
  4966 | D:6      | Found a glowing silver altar of Zin.
  5137 | D:7      | Gained mutation: You are partially covered in iridescent scales. (AC +2) [demonic ancestry]
  5137 | D:7      | Reached XP level 8. HP: 48/58 MP: 8/8
  5144 | D:7      | Found a sacrificial altar of Ru.
  5295 | D:7      | Noticed Joseph
  5336 | D:7      | Killed Joseph
  5336 | D:7      | Reached skill level 5 in Maces & Flails
  5336 | D:7      | Reached skill level 5 in Armour
  5449 | D:7      | Found Acemned's Book Emporium.
  5742 | D:7      | Noticed tidbits's ghost (novice DgTm)
  5838 | D:7      | Killed tidbits's ghost
  5838 | D:7      | Reached skill level 5 in Shields
  5838 | D:7      | Gained mutation: You sometimes gain power by taking damage. [demonic ancestry]
  5838 | D:7      | Reached XP level 9. HP: 31/65 MP: 9/9
  6230 | D:7      | Found a staircase to the Ecumenical Temple.
  6238 | Temple   | Entered the Ecumenical Temple
  6259 | Temple   | Became a worshipper of Warmaster Okawaru
  6544 | D:8      | Reached * piety under Okawaru
  6552 | D:8      | Found a white marble altar of Elyvilon.
  6939 | D:8      | Noticed an eight-headed hydra
  7293 | D:9      | Found a staircase to the Orcish Mines.
  7293 | D:9      | Noticed Pikel
  7307 | D:9      | Killed Pikel
  7307 | D:9      | Gained mutation: You have very sharp fingernails. [demonic ancestry]
  7307 | D:9      | Reached XP level 10. HP: 56/73 MP: 10/10
  7426 | D:9      | Found a snail-covered altar of Cheibriados.
  7429 | D:9      | Noticed Erica
  7454 | D:9      | Noticed a cyclops
  7475 | D:9      | Noticed Erolcha
  7506 | D:9      | Killed Erolcha
  7506 | D:9      | Reached ** piety under Okawaru
  8010 | D:9      | Killed a cyclops
  8010 | D:9      | Reached skill level 5 in Fighting
  8287 | D:9      | Killed Erica
  8512 | D:8      | Killed a one-headed hydra
  8512 | D:8      | Reached *** piety under Okawaru
  8512 | D:8      | Reached skill level 5 in Dodging
  8694 | D:10     | Entered Level 10 of the Dungeon
  8829 | D:9      | Reached skill level 1 in Long Blades
  8880 | D:10     | Gained mutation: You are immune to clouds of flame. [demonic ancestry]
  8880 | D:10     | Reached XP level 11. HP: 51/80 MP: 11/11
 10030 | D:11     | Noticed a death yak
 10103 | D:11     | Killed a death yak
 10103 | D:11     | Reached **** piety under Okawaru
 10429 | D:11     | Found a staircase to the Lair.
 11073 | D:11     | Noticed a two-headed ogre
 11073 | D:11     | Noticed a purple ugly thing
 11105 | D:11     | Killed a purple ugly thing
 11105 | D:11     | Reached skill level 5 in Long Blades
 11108 | D:11     | Killed a two-headed ogre
 11140 | D:11     | Received a gift from Okawaru
 11453 | D:12     | Noticed a six-headed hydra
 11576 | D:12     | Killed a one-headed hydra
 11576 | D:12     | Reached ***** piety under Okawaru
 12094 | D:12     | Noticed a two-headed ogre
 12107 | D:12     | Killed a two-headed ogre
 12107 | D:12     | Slain by a manticore

Skill      XL: |  1  2  3  4  5  6  7  8  9 10 11 |
---------------+----------------------------------+-----
Staves         | 3 |  3.1
Dodging        | 3 4 5 |  5.1
Throwing       | 2 |  2.0
Maces & Flails | 1 2 3 4 5 7 8 |  8.9
Armour         | 1 2 4 6 7 |  7.7
Shields        | 1 2 3 5 6 7 8 |  8.8
Fighting       | 3 4 5 6 |  6.0
Long Blades    | 1 7 |  7.1

Action                   |  1- 3 |  4- 6 |  7- 9 | 10-12 || total
-------------------------+-------+-------+-------+-------++-------
Melee: Quarterstaff      |    21 |       |       |       ||    21
       Mace              |    93 |   197 |    12 |       ||   302
       Whip              |       |       |   604 |   259 ||   863
       Scimitar          |       |       |       |   516 ||   516
Invok: Heroism           |       |       |       |    11 ||    11
  Use: Scroll            |       |     9 |     4 |     5 ||    18
       Potion            |       |     1 |     4 |    17 ||    22
  Eat: Chunk             |       |     4 |     4 |     9 ||    17
       Fruit             |       |     1 |     3 |     3 ||     7
       Meat ration       |       |     1 |     1 |     1 ||     3
       Royal jelly       |       |       |     4 |     1 ||     5
Armor: Leather armour    |     8 |       |       |       ||     8
       Scale mail        |    71 |    84 |   214 |   181 ||   550
       Chain mail        |       |       |       |   151 ||   151
Dodge: Dodged            |   103 |    58 |   148 |   279 ||   588
Block: Large shield      |    26 |   130 |   448 |   811 ||  1415
       Rpst.: Scimitar   |       |       |       |    51 ||    51
